 Dungeon Crawl Stone Soup version 0.28.0-47-ge53b351184 (webtiles) character file.

Game seed: 17262594752993824693

250 issech the Cudgeller (level 5, -1/79 HPs)
             Began as a Troll Monk on May 7, 2022.
             Slain by a mummy (7 damage)
             ... in an ossuary.
             The game lasted 00:10:42 (2431 turns).

issech the Cudgeller (Troll Monk)                   Turns: 2431, Time: 00:10:43

Health: -1/79      AC: 22    Str: 19    XL:     5   Next: 88%
Magic:  4/4        EV:  1    Int:  6    God:
Gold:   88         SH:  0    Dex: 20    Spells: 4/4 levels left

rFire   . . .      SeeInvis .   u - +0 flail
rCold   . . .      Faith    .   (no shield)
rNeg    . . .      Spirit   .   (armour currently unavailable)
rPois   +          Reflect  .   (helmet currently unavailable)
rElec   .          Harm     .   (cloak currently unavailable)
rCorr   .          Rampage  .   (gloves unavailable)
Will    .....      NoTele   +   (boots unavailable)
Stlth   ++........              (no amulet)
HPRegen 1.03/turn               o - +6 ring of dexterity
MPRegen 0.09/turn               (no ring)

@: mighty, tree-form, marked
A: stationary, stasis, torment immunity, boosted hp, large, unfitting armour,
(claws 3), regeneration 1, (shaggy fur 1), (tough skin 1), (cold resistance 1),
(fire resistance 1)
a: no special abilities


You were in an ossuary.
You were a tree.
You visited 1 branch of the dungeon, and saw 4 of its levels.
You also visited: Ossuary.

You collected 112 gold pieces.
You spent 24 gold pieces at shops.

Inventory:

Hand Weapons
 a - a +0 mace
 c - a +0 giant club
 u - a +0 flail (weapon)
Missiles
 d - 11 poisoned darts (quivered)
 i - 9 stones
Armour
 b - a +0 robe (melded)
 m - a scarf of invisibility
 s - a scarf of invisibility
Jewellery
 o - a +6 ring of dexterity (left branch)
Scrolls
 f - a scroll of blinking
 g - 2 scrolls of magic mapping
 j - a scroll of enchant weapon
 k - a scroll of noise
 l - 2 scrolls of teleportation
 q - a scroll of fear {unknown}
Potions
 e - a potion of lignification
 p - 2 potions of flight {unknown}
 r - a potion of attraction {unknown}
 t - a potion of curing {unknown}


   Skills:
 + Level 3.5 Fighting
 + Level 4.4 Maces & Flails
 + Level 3.3 Dodging
 + Level 1.2 Stealth


You had 4 spell levels left.
You didn't know any spells.
Your spell library contained the following spells:

 Spells                   Type           Power      Damage    Failure   Level
 Sandblast                Erth           0%         2d4       45%         1
 Passwall                 Tmut/Erth      0%         N/A       58%         2
 Stone Arrow              Conj/Erth      0%         3d7       83%         3


Dungeon Overview and Level Annotations

Branches:
Dungeon (4/15)            Ossuary (1/1)
 Temple: D:4-7

Altars:
Hepliaklqana

Shops:
D:3 ?


Innate Abilities, Weirdness & Mutations

You are a tree.
Your roots penetrate the ground, keeping you stationary.
You cannot be teleported.
You are immune to unholy pain and torment.
Your maximum health is greatly increased.
Your equipment is partially melded.
You are too large for most types of armour.
((You have claws for hands.))
Your natural rate of healing is unusually fast.
((You are covered in fur. (AC +1)))
((You have tough skin. (AC +1)))
((Your flesh is cold resistant. (rC+)))
((Your flesh is heat resistant. (rF+)))


Message History

The centaur zombie is lightly damaged.
The centaur zombie hits you.
* * * LOW HITPOINT WARNING * * *
The centaur zombie closely misses you. The centaur zombie misses you.
The centaur zombie closely misses you.
You hit the centaur zombie.
The centaur zombie is lightly damaged.
The centaur zombie closely misses you. x2
The centaur zombie barely misses you.
The centaur zombie kicks you but does no damage.
It was a potion of lignification.
You turn into a tree.
Your +0 robe melds into your body.
Your roots penetrate the ground.
The centaur zombie hits you but does no damage.
The centaur zombie kicks you but does no damage.
You hit the mummy.
The mummy is lightly damaged.
The centaur zombie hits you.
* * * LOW HITPOINT WARNING * * *
The centaur zombie kicks you but does no damage.
The mummy hits you.
* * * LOW HITPOINT WARNING * * *
You hit the mummy.
The mummy is lightly damaged.
The centaur zombie hits you but does no damage.
The centaur zombie kicks you but does no damage.
The centaur zombie hits you but does no damage.
The centaur zombie kicks you but does no damage.
The mummy hits you.
* * * LOW HITPOINT WARNING * * *
Unknown command.
It was a potion of mutation.
You feel extremely strange.
You feel resistant to cold.
You feel resistant to heat.
The centaur zombie hits you but does no damage.
The centaur zombie kicks you but does no damage.
It was a potion of might.
You feel very mighty all of a sudden.
The centaur zombie hits you but does no damage.
The centaur zombie kicks you but does no damage.
The mummy hits you!
You die...

##### #?!.# !!! #
#^# ###'### #♣#
##.....## ##MZ.#
##.....M.###.M###
#..^......#...+
+....⌠...M'...#
#.........#...+
##.......###..#
##.....## ##.+
###'### #.#


You could see 2 mummies and a centaur zombie.

Vanquished Creatures
  An ogre (D:2)
  An iguana (D:4)
  An orc wizard (D:3)
  A mummy (Ossuary)
  3 adders (D:2)
  3 dart slugs
  7 orcs (D:3)
  6 bats
  3 endoplasms
  6 giant cockroaches
  14 goblins
  A hobgoblin (D:3)
  2 quokkas (D:3)
  4 ball pythons
  4 frilled lizards
  6 kobolds
  5 rats
68 creatures vanquished.

Notes
Turn   | Place    | Note
-------+----------+-------------------------------------------
     0 | D:1      | issech the Troll Monk began the quest for the Orb.
     0 | D:1      | Reached XP level 1. HP: 22/22 MP: 0/0
    51 | D:1      | Found a faded altar of an unknown god.
    92 | D:1      | Reached XP level 2. HP: 29/29 MP: 1/1
   328 | D:1      | Reached skill level 3 in Maces & Flails
   629 | D:2      | Reached XP level 3. HP: 31/36 MP: 2/2
  1367 | D:3      | Reached XP level 4. HP: 42/45 MP: 3/3
  1471 | D:3      | Found a hazy altar of Hepliaklqana.
  1560 | D:3      | Found Voilicza's Magic Scroll Boutique.
  1634 | D:3      | Bought a scroll of identify for 24 gold pieces
  2018 | D:3      | Noticed an ogre
  2167 | D:2      | Killed an ogre
  2168 | D:2      | Reached skill level 4 in Maces & Flails
  2168 | D:2      | Reached XP level 5. HP: 18/53 MP: 4/4
  2370 | D:4      | Found a sand-covered staircase.
  2377 | Ossuary  | Entered an ossuary
  2416 | Ossuary  | HP: 1/53 [mummy (14)]
  2430 | Ossuary  | Gained mutation: Your flesh is cold resistant. (rC+)
                  | [potion of mutation]
  2430 | Ossuary  | Gained mutation: Your flesh is heat resistant. (rF+)
                  | [potion of mutation]
  2431 | Ossuary  | Slain by a mummy

Illustrated notes

Levels and vault maps discovered:
D:1:      dpeg_arrival_rooms_with_view, layout_rooms, basic_ecumenical_altar
D:2:      layout_loops_ring, st_stairs_6, minmay_puff
D:3:      layout_rooms, general_overflow_altar, serial_shops,
          nicolae_shop_advertising_works [nicolae_subvault_shop_adworks],
          grunt_ministairs_5, minmay_ogre_servants
D:4:      layout_basic, nicolae_ossuary_entry_plus, biasface_ghost_orc_armoury
Ossuary:  ossuary_crypta

Skill      XL: |  1  2  3  4 |
---------------+-------------+-----
Maces & Flails | 3 4 |  4.4
Fighting       | 3 |  3.5
Dodging        | 3 |  3.3
Stealth        | |  1.2

Action                   |  1- 3 |  4- 6 || total
-------------------------+-------+-------++-------
Melee: Mace              |   109 |    47 ||   156
       Punch             |     1 |     2 ||     3
       Flail             |       |    52 ||    52
Throw: Dart              |     2 |       ||     2
  Use: Scroll            |       |     5 ||     5
       Potion            |       |     3 ||     3
 Stab: Sleeping          |       |     2 ||     2
       Distracted        |       |     1 ||     1
Armor: Robe              |    45 |    25 ||    70
       Skin              |       |    11 ||    11
Dodge: Dodged            |    61 |    60 ||   121
